 Dungeon Crawl Stone Soup version 0.23-a0-182-g58cdd98 (webtiles) character file.

21 HerrDoktor the Skirmisher (level 2, -1/24 (27) HPs)
             Began as a Ghoul Monk on Sept 20, 2018.
             Slain by a kobold
             ... wielding a +0 short sword
              (3 damage)
             ... on level 2 of the Dungeon.
             The game lasted 00:03:22 (1002 turns).

HerrDoktor the Skirmisher (Ghoul Monk)              Turns: 1002, Time: 00:03:22

HP:   -1/24 (27)    AC:  2    Str: 14    XL:     2   Next: 87%
MP:   1/1           EV: 13    Int:  5    God:
Gold: 15            SH:  0    Dex: 11    Spells: 1/1 levels left

rFire    . . .     SeeInvis .     - Unarmed
rCold    + . .     Gourm    .   (no shield)
rNeg     + + +     Faith    .   a - +0 robe
rPois    ∞         Spirit   .   (no helmet)
rElec    .         Reflect  .   (no cloak)
rCorr    .         Harm     .   (no gloves)
MR       .....                  (no boots)
Stlth    ++........             (no amulet)
HPRegen  0.00/turn              (no ring)
MPRegen  0.07/turn              (no ring)

@: rotting
A: rotting body, claws 1, carnivore, cold resistance 1, negative energy
resistance 3, inhibited regeneration, torment resistance, unbreathing
a: no special abilities


You were on level 2 of the Dungeon.
You were not hungry.

You visited 1 branch of the dungeon, and saw 2 of its levels.

You collected 15 gold pieces.

Inventory:

Missiles
 c - 20 stones (quivered)
Armour
 a - a +0 robe (worn)
Scrolls
 d - 2 scrolls of teleportation {unknown}
Comestibles
 b - 2 rations


   Skills:
 + Level 3.6 Fighting
 + Level 3.1 Dodging
 + Level 2.2 Stealth
 + Level 3.6 Unarmed Combat


You had one spell level left.
You didn't know any spells.
Your spell library was empty.

Dungeon Overview and Level Annotations

Branches:
Dungeon (2/15)

Altars:


Innate Abilities, Weirdness & Mutations

Your body is rotting away.
You thrive on raw meat.
You are immune to poison.
You have sharp fingernails.
You are carnivorous and can eat meat at any time.
Your flesh is cold resistant. (rC+)
You are immune to negative energy. (rN+++)
You do not regenerate when monsters are visible.
You are immune to unholy pain and torment.
You can survive without breathing.


Message History

The kobold hits you with a short sword. The kobold hits you with a short sword.
The kobold hits you with a short sword. The kobold misses you.
The kobold barely misses you. The kobold misses you.
The kobold closely misses you. The kobold closely misses you.
The kobold closely misses you. The kobold hits you with a short sword.
The kobold barely misses you. The kobold hits you with a short sword.
* * * LOW HITPOINT WARNING * * *
The kobold closely misses you. The kobold barely misses you.
The kobold closely misses you. The kobold hits you with a short sword.
* * * LOW HITPOINT WARNING * * *
The kobold hits you with a short sword.
You die...

### #<# #
#.#
#.###.###
#.......###
###.......#
#.#...#.#
#.###...##
#.# +.@K.#
..# #....#
###......#
####...#
....# ....#
..>..
.......


You could see a kobold.

Vanquished Creatures
  A leopard gecko (D:1)
  3 bats
  A giant cockroach (D:1)
  5 goblins (D:1)
  3 hobgoblins (D:1)
  4 kobolds (D:1)
  A rat (D:1)
18 creatures vanquished.

Notes
Turn   | Place    | Note
-------+----------+-------------------------------------------
     0 | D:1      | HerrDoktor the Ghoul Monk began the quest for the Orb.
     0 | D:1      | Reached XP level 1. HP: 19/19 MP: 0/0
   198 | D:1      | Reached XP level 2. HP: 7/25 MP: 1/1
  1002 | D:2      | Slain by a kobold

Vault maps used:
D:1:      sevenhm_arrival_forest_fort_small_6, minivault_11
D:2:      ashenzari_altar_1, first_ration, uniq_crazy_yiuf_cottage

Skill      XL: |  1  2 |
---------------+-------+-----
Dodging        | 3 |  3.1
Fighting       | |  3.6
Stealth        | |  2.2
Unarmed Combat | |  3.6

Action                   || total
-------------------------++-------
Melee: Unarmed           ||    62
Throw: Stone             ||     3
 Stab: Sleeping          ||     2
  Eat: Chunk             ||     1
Armor: Robe              ||    17
Dodge: Dodged            ||    62

Table legend:
 A = Non-vault XP
 B = Vault XP
 C = Vault XP percentage of total XP
 D = Non-vault monster count
 E = Vault monster count
 F = Vault count percentage of total count
                 A         B        C        D         E       F
            +---------+---------+-------+---------+---------+-------
      Total |      31 |       0 |   0.0 |      18 |       0 |   0.0
            +---------+---------+-------+---------+---------+-------
        D:1 |      30 |       0 |   0.0 |      17 |       0 |   0.0
        D:2 |       1 |       0 |   0.0 |       1 |       0 |   0.0
            +---------+---------+-------+---------+---------+-------
